Cogmind - Beta 16.1 @@@ ROGUE MODE // 2026.03.31 @ 10:34:18 Player: GU2 Result: Destroyed by H-61 Shepherd with Heavy Assault Cannon Performance ------------- Evolutions (4) 2000 Regions Visited (6) 1200 Robots Destroyed (71) 355 Value Destroyed (2358) 2358 Prototype IDs (4) 80 Alien Tech Used (0) 0 Bonus (0) 0 TOTAL SCORE: 5993 Bonus ------- None Cogmind --------- Core Integrity 0/850 Matter 290/300 Energy 94/100 System Corruption 5% Temperature Cool (0) Movement Core (50) Location -6/Factory Parts ------- > --- POWER (2) -------- (None) > --- PROPULSION (4) --- (None) > --- UTILITY (6) ------ (None) > --- WEAPON (3) ------- Spear > --- INVENTORY (5) ---- Faulty Cooled VTOL Module Spear Peak State ------------ > --- POWER ------------ Deuterium Engine > --- PROPULSION ------- Carbon-fiber Leg Carbon-fiber Leg Carbon-fiber Leg > --- UTILITY ---------- Large Storage Unit Improved Sensor Array Improved Signal Interpreter Improved Targeting Computer Hardened Medium Armor Plating System Shield > --- WEAPON ----------- EM Pulse Cannon Battle Cannon Remote Datajack > --- INVENTORY -------- Ion Engine Deuterium Engine Cryofiber Web Medium Armor Plating Heavy Armor Plating Heavy Armor Plating Heavy Armor Plating Heavy Assault Rifle Heavy Assault Rifle [Rating: 39] Favorites ----------- Power Deuterium Engine Engine Deuterium Engine Power Core Light Nuclear Core Propulsion Carbon-fiber Leg Treads Spiked Treads Leg Carbon-fiber Leg Wheel Subdweller Monowheel Flight Unit Cooled VTOL Module Utility Large Storage Unit Device Improved Sensor Array Storage Large Storage Unit Processor Improved Targeting Computer Hackware System Shield Protection Makeshift Light Armor Plating Weapon Battle Cannon Energy Gun Shock Rifle Energy Cannon EM Pulse Cannon Ballistic Gun Heavy Assault Rifle Ballistic Cannon Battle Cannon Launcher Scatter Rocket Array Special Weapon Remote Datajack Impact Weapon Great Maul Piercing Weapon Spear Build | -11 -10 -10 -8 -7 -7 -6 ------- Run | Yrd Mat Sub Mat Fac Sto Fac Slots Evolved 8 | . . . 4 2 . 2 Power 1 | . . . . . . 1 Propulsion 2 | . . . 1 . . 1 Utility 4 | . . . 3 1 . . Weapon 1 | . . . . 1 . . Parts Attached 93 | 5 2 10 34 14 18 10 Power 9 | 1 . . 4 1 2 1 Engine 6 | 1 . . 4 1 . . Core 3 | . . . . . 2 1 Reactor . | . . . . . . . Propulsion 27 | 2 . 3 10 3 6 3 Treads 2 | . . 1 . . 1 . Leg 14 | . . . 8 3 2 1 Wheel 8 | 2 . 2 2 . . 2 Hover . | . . . . . . . Flight 3 | . . . . . 3 . Utility 32 | . 2 4 13 4 7 2 Device 14 | . 1 1 5 2 5 . Storage 3 | . . 1 1 . . 1 Processor 7 | . . . 6 . . 1 Hackware 1 | . . . . 1 . . Protection 7 | . 1 2 1 1 2 . Artifact . | . . . . . . . Weapon 25 | 2 . 3 7 6 3 4 Energy Gun 2 | . . . 2 . . . Energy Cannon 2 | . . . 1 . 1 . Ballistic Gun 8 | 2 . 1 2 2 . 1 Ballistic Cannon 5 | . . 2 . 3 . . Launcher 2 | . . . . . 2 . Special Weapon 1 | . . . . 1 . . Impact Weapon 2 | . . . 2 . . . Slashing Weapon . | . . . . . . . Piercing Weapon 3 | . . . . . . 3 Special Melee Weapon . | . . . . . . . Unidentified Prototypes 4 | . . . 1 . 3 . Parts Lost 46 | . . 1 4 7 24 10 Power 7 | . . . 1 2 3 1 Propulsion 15 | . . . 1 1 8 5 Utility 14 | . . 1 2 2 7 2 Weapon 10 | . . . . 2 6 2 Highest Loss Streak 7 | . . 1 2 4 7 5 To Critical Strikes . | . . . . . . . Average Backups 8 | . 1 4 10 10 8 3 Power 1 | . 1 1 1 2 . . Propulsion 1 | . . . . 1 2 1 Utility 3 | . . 2 4 5 3 . Weapon 2 | . . . 3 1 1 2 Tool/Special . | . . . . . . . Unused Backups 7 | . . 2 3 1 . 1 Power . | . . . . . . . Propulsion . | . . . . . . . Utility 3 | . . 1 1 1 . . Weapon 3 | . . 1 1 . . 1 Tool/Special 1 | . . . 1 . . . Average Slot Usage (%) 86 | . 90 83 97 96 72 27 Engine 7 | . 14 14 9 6 3 . Leg 15 | . . . 19 22 17 . Wheel 5 | . 28 16 7 . . 2 Flight 1 | . . . . . 2 7 Device 6 | . 6 4 6 9 7 . Storage 5 | . . 1 7 7 6 1 Processor 14 | . . . 23 17 7 3 Hackware 1 | . . . . 5 . . Protection 5 | . 12 12 5 3 6 . Energy Cannon 2 | . . . 2 3 1 . Ballistic Gun 6 | . 28 19 2 5 5 . Ballistic Cannon 9 | . . 7 12 10 6 . Peak Build Rating 39 | 5 7 15 33 39 37 29 Average Rating 26 | 3 6 10 29 33 27 18 On Entrance 13 | . 5 7 12 32 25 16 Avg Prop Armor Cover (%) 5 | . . . 3 5 7 8 Naked Turns 2 | . . . . . . 2 Heaviest Build 73 | 8 12 51 59 50 73 9 Greatest Support 60 | 20 20 40 60 45 40 40 Greatest Overweight (x) 5 | 1 . 2 2 2 5 2 Average Overweight (x) . | . . . . . . . Largest Inventory Capacity 25 | 5 5 25 25 15 15 5 Average Capacity 12 | 5 5 7 14 15 13 5 Most Carried 15 | 1 3 6 15 15 13 5 Average Carried 10 | . 1 4 12 13 9 3 Final Capacity 25 | 5 5 25 15 15 5 5 Final Carried 15 | 1 3 6 15 12 1 2 Class Distribution -------------------- 48% | Mutant 28% | Skirmisher 10% | Scavenger-Mutant 4% | Scavenger-Gunner 3% | Scavenger-Tank 3% | Sprinter Dominant Class ---------------- Mutant | -10/Materials Mutant | -10/Subcaves Mutant | -8/Materials Skirmisher | -7/Factory Mutant | -7/Storage Mutant | -6/Factory Resources | -11 -10 -10 -8 -7 -7 -6 ----------- Run | Yrd Mat Sub Mat Fac Sto Fac Matter Collected 2448 | 248 94 139 749 434 490 294 Remotely . | . . . . . . . Salvage Created 2483 | . 158 333 832 433 402 325 Parts 139 | . 6 24 61 23 12 13 Haulers Intercepted 5 | . . . 4 . 1 . Recyclers Shooed 2 | . 1 . . . 1 . Parts Field Recycled 4 | . . . . . 4 . Retrieved Matter 20 | . . . . . 20 . Parts Self-Destructed 5 | . . 5 . . . . Prevented . | . . . . . . . Parts Restored . | . . . . . . . Kills | -11 -10 -10 -8 -7 -7 -6 ------- Run | Yrd Mat Sub Mat Fac Sto Fac Combat Hostiles Destroyed 50 | . 2 7 19 10 9 3 Melee 4 | . . . 1 . . 3 Guns 18 | . 2 7 2 4 3 . Cannons 24 | . . . 15 6 3 . AOE 3 | . . . . . 3 . Classes Destroyed 10 | . 2 1 6 1 . . Worker 4 | . . . 2 1 . 1 Builder 4 | . . . 2 1 1 . Hauler 5 | . . . 4 . 1 . Recycler 3 | . 1 . 1 . . 1 Watcher 5 | . . . 4 1 . . Swarmer 6 | . . . 6 . . . Grunt 29 | . 2 . 9 9 6 3 Sentry 7 | . . . 4 . 3 . Programmer 1 | . . . . 1 . . Subdweller 7 | . . 7 . . . . Best Kill Streak 7 | . 3 7 7 3 2 2 Combat Bots Only 7 | . 2 7 7 3 2 1 Max Kills in Single Turn 2 | . 1 2 2 1 2 1 Gunslinging 1 | . . 1 . . . . Exploded 1 | . . . . . 1 . Melee 1 | . . . 1 . . 1 Uniques/NPCs Destroyed . | . . . . . . . Combat | -11 -10 -10 -8 -7 -7 -6 -------- Run | Yrd Mat Sub Mat Fac Sto Fac Hostile Shots Fired 890 | . 24 18 140 151 454 103 Missed 315 | . 9 4 36 48 188 30 Hits 575 | . 15 14 104 103 266 73 Projectile 575 | . 15 14 104 103 266 73 AOE 4 | . . 3 . . . 1 Critical Strikes 23 | . . 1 4 7 4 7 Part Disruptions 2 | . . . . 2 . . Damage Taken 7691 | . 198 434 1521 1602 2430 1506 Core 1783 | . 40 . 241 173 421 908 Absorbed by Shields . | . . . . . . . Core Remaining (%) 63 | 100 . 84 56 . 15 . Volleys Fired 193 | . 18 16 85 47 27 . Largest 3 | . 2 2 2 3 3 . Hottest 126 | . 40 40 96 126 99 . Shots Fired 399 | . 36 32 164 102 65 . Gun 167 | . 36 32 37 32 30 . Cannon 223 | . . . 127 64 32 . Launcher 3 | . . . . . 3 . Special 6 | . . . . 6 . . Kinetic 349 | . 36 32 153 76 52 . Thermal 10 | . . . . . 10 . Explosive 3 | . . . . . 3 . Electromagnetic 31 | . . . 11 20 . . Robot Hit Streak 17 | . 9 8 9 12 17 . Robot Miss Streak 7 | . 4 2 6 4 7 . Penetration Max 1 | . . . . 1 1 . Secondary Targets 4 | . . 4 . . . . Max Gunslinging Chain 1 | . . 1 . . . . Shots Hit Robots 288 | . 22 24 107 70 48 17 Core Hits 134 | . 8 14 46 24 33 9 Critical Kills 1 | . . 1 . . . . Critical Parts Destroyed 3 | . . . 2 1 . . Critical Strikes 15 | . . 1 8 3 2 1 Destroy 2 | . . 1 . 1 . . Blast 9 | . . . 6 1 2 . Corrupt 1 | . . . . 1 . . Smash 2 | . . . 2 . . . Impale 1 | . . . . . . 1 Melee Attacks 28 | . . . 3 . . 25 Impact 3 | . . . 3 . . . Slashing . | . . . . . . . Piercing 25 | . . . . . . 25 Sneak Attacks 2 | . . . . . . 2 Combat Hostiles . | . . . . . . . Follow-up Attacks 4 | . . . . . . 4 Damage Inflicted 6077 | . 212 260 2328 1341 1419 517 Guns 1675 | . 212 260 540 295 368 . Cannons 3350 | . . . 1636 1030 684 . Explosions 376 | . . . 26 . 350 . Melee 643 | . . . 126 . . 517 Ramming 33 | . . . . 16 17 . Kinetic 4293 | . 212 260 2016 994 811 . Thermal 267 | . . . 26 . 241 . Explosive 350 | . . . . . 350 . Electromagnetic 491 | . . . 160 331 . . Impact 126 | . . . 126 . . . Slashing . | . . . . . . . Piercing 517 | . . . . . . 517 Highest Corruption 16 | . . . . 8 16 5 Average Corruption 5 | . . . . 3 9 3 Corruption Purged . | . . . . . . . Corruption Blocked . | . . . . . . . Effects 52 | . . . . 20 30 2 Message Errors 9 | . . . . 1 7 1 Matter Fused 12 | . . . . 7 5 . Heat Flow Errors 6 | . . . . 2 4 . Energy Discharges 7 | . . . . 3 4 . Parts Rejected 3 | . . . . . 2 1 Data Loss (minor) 6 | . . . . 5 1 . Data Loss (major) 1 | . . . . . 1 . Misfires 1 | . . . . . 1 . Misdirections 3 | . . . . . 3 . Weapon Failures 4 | . . . . 2 2 . Overload Shots . | . . . . . . . Overflow Damage 122 | . . . 93 7 6 16 Projectiles 10 | . . . 3 7 . . Explosions 6 | . . . . . 6 . Melee 106 | . . . 90 . . 16 Knockbacks 24 | . . . 11 10 3 . Impact . | . . . . . . . Kinetic 22 | . . . 9 10 3 . Secondary 2 | . . . 2 . . . Self-Inflicted Damage 107 | . . . . . 107 . Shots 4 | . . . . . 4 . Rammed 5 | . . . . . 5 . Targets Rammed 9 | . . . . 2 7 . Kicked 4 | . . . . 2 2 . Crushed . | . . . . . . . Highest Temperature 285 | . 30 . 144 259 216 285 Average Temperature 46 | . 10 . 21 76 66 145 Received Heat Transfer 3013 | . 114 21 684 810 822 562 Siege Activations . | . . . . . . . Martial Activations . | . . . . . . . Shielding Activations . | . . . . . . . Robots Disrupted . | . . . . . . . Combat Hostiles . | . . . . . . . Robots Corrupted 1 | . . . 1 . . . Combat Hostiles 1 | . . . 1 . . . Parts Fried 3 | . . . 3 . . . Impact Corruptions 2 | . . . 2 . . . Robots Melted . | . . . . . . . Combat Hostiles . | . . . . . . . Parts Melted . | . . . . . . . Heat Transferred 433 | . . . 100 . 333 . Parts Sabotaged . | . . . . . . . Parts Stolen . | . . . . . . . Parts Stripped . | . . . . . . . Power Chain Reactions 1 | . . . 1 . . . Alert | -11 -10 -10 -8 -7 -7 -6 ------- Run | Yrd Mat Sub Mat Fac Sto Fac Maximum Alert Level 1 | . . . 1 . . . Low Security (%) 99 | 100 100 . 99 100 100 100 Level 1 . | . . . . . . . Level 2 . | . . . . . . . Level 3 . | . . . . . . . Level 4 . | . . . . . . . Level 5 . | . . . . . . . High Security . | . . . . . . . Max Security . | . . . . . . . Peak Influence 202 | . 50 . 202 117 68 35 Initial 86 | . . . . 86 17 10 Average 52 | . 14 . 84 43 22 8 Influence Increases 1736 | . 85 . 701 378 435 137 Destroy 0b10 Robot/C 860 | . 40 . 380 200 180 60 Destroy 0b10 Robot/NC 105 | . 5 . 65 15 10 10 Destroy Leader 210 | . 10 . 96 42 52 10 Successful Hack 101 | . . . 47 14 28 12 Disable Machine 105 | . . . 60 45 . . Destroy Structure 100 | . . . 23 2 75 . Lose Combat Pursuer 255 | . 30 . 30 60 90 45 Influence Decreases 1736 | . 50 35 509 531 450 161 Entered New Map 160 | . . 18 . 106 22 14 Time Decay 1244 | . 50 17 469 363 253 92 Lost Part 327 | . . . 40 62 175 50 Purge Threat 5 | . . . . . . 5 Squads Dispatched 20 | . 1 . 1 6 5 7 Investigation 3 | . . . . 1 1 1 Extermination 4 | . . . . 2 1 1 Reinforcement 11 | . 1 . 1 3 3 3 Assault . | . . . . . . . Garrison 2 | . . . . . . 2 Intercept . | . . . . . . . Searches Triggered . | . . . . . . . Construction Impeded . | . . . . . . . Haulers Reinforced 4 | . . . . 2 2 . Active Scanning Responses . | . . . . . . . Cargo Convoy Interrupts . | . . . . . . . Stealth | -11 -10 -10 -8 -7 -7 -6 --------- Run | Yrd Mat Sub Mat Fac Sto Fac Distress Signals 6 | . . . 4 . 1 1 Communications Jammed . | . . . . . . . Distress Signals . | . . . . . . . Times Spotted 104 | . 5 9 32 19 25 14 Peak Tracking Total 11 | . 3 6 9 5 11 5 Tactical Retreats 11 | . 1 . 2 2 4 2 Traps | -11 -10 -10 -8 -7 -7 -6 ------- Run | Yrd Mat Sub Mat Fac Sto Fac Traps Triggered 5 | . . 1 2 2 . . Indirectly . | . . . . . . . Trap Hack Attempts . | . . . . . . . Triggered . | . . . . . . . Disarmed 1 | . . . 1 . . . Reprogrammed . | . . . . . . . Reused . | . . . . . . . Traps Extracted . | . . . . . . . Installed . | . . . . . . . Triggered . | . . . . . . . Machines | -11 -10 -10 -8 -7 -7 -6 ---------- Run | Yrd Mat Sub Mat Fac Sto Fac Machines Disabled 7 | . . . 4 3 . . Max in Single Turn 1 | . . . 1 1 . . Machines Repaired . | . . . . . . . Machines Dismantled . | . . . . . . . Machines Sabotaged . | . . . . . . . Overloaded Fab Kills . | . . . . . . . Hacking | -11 -10 -10 -8 -7 -7 -6 --------- Run | Yrd Mat Sub Mat Fac Sto Fac Machines Accessed 21 | . . . 10 5 4 2 Terminals 15 | . . . 7 4 3 1 Fabricators 1 | . . . . . . 1 Repair Stations 1 | . . . 1 . . . Recycling Units 2 | . . . 1 . 1 . Scanalyzers 1 | . . . 1 . . . Garrison Access 1 | . . . . 1 . . Total Hacks 58 | . . . 35 7 11 5 Successful 33 | . . . 22 3 5 3 Failed 25 | . . . 13 4 6 2 Catastrophic 5 | . . . . 3 2 . Database Lockouts . | . . . . . . . Manual 2 | . . . . . 2 . Terminals 40 | . . . 23 6 9 2 Fabricators 3 | . . . . . . 3 Repair Stations 3 | . . . 3 . . . Recycling Units 6 | . . . 4 . 2 . Scanalyzers 5 | . . . 5 . . . Garrison Access 1 | . . . . 1 . . Terminal Hacks 22 | . . . 13 3 5 1 Record 6 | . . . 4 1 1 . Open Door 1 | . . . . . 1 . Branch Access Points 1 | . . . 1 . . . Emergency Access Points 3 | . . . 2 . 1 . Alert Level 1 | . . . 1 . . . Unreport Threat 1 | . . . . . . 1 Locate Traps 2 | . . . . 2 . . Disarm Traps 2 | . . . 2 . . . Maintenance Status 1 | . . . . . 1 . Registered Components 1 | . . . 1 . . . Zone Layout 3 | . . . 2 . 1 . Fabricator Hacks 2 | . . . . . . 2 Load Schematic 1 | . . . . . . 1 Build 1 | . . . . . . 1 Repair Station Hacks 1 | . . . 1 . . . Scan Component 1 | . . . 1 . . . Recycling Unit Hacks 3 | . . . 3 . . . Process 1 | . . . 1 . . . Retrieve Matter 2 | . . . 2 . . . Scanalyzer 5 | . . . 5 . . . Insert Component 2 | . . . 2 . . . Analyze 2 | . . . 2 . . . Retrieve Study 1 | . . . 1 . . . Garrison Access Hacks . | . . . . . . . Unauthorized Hacks . | . . . . . . . Terminals . | . . . . . . . Fabricators . | . . . . . . . Repair Stations . | . . . . . . . Recycling Units . | . . . . . . . Scanalyzers . | . . . . . . . Garrison Access . | . . . . . . . Data Cores Recovered . | . . . . . . . Used . | . . . . . . . Hacking Detections 20 | . . . 8 5 5 2 Full Trace Events 3 | . . . . 1 1 1 Feedback Events 1 | . . . . . 1 . Corruption 1 | . . . . . 1 . Feedback Blocked . | . . . . . . . Robot Schematics Acquired . | . . . . . . . Robots Built . | . . . . . . . Authchips . | . . . . . . . Time . | . . . . . . . Total Robot Build Rating . | . . . . . . . Part Schematics Acquired 2 | . . . 2 . . . Parts Built 2 | . . . . . . 2 Authchips . | . . . . . . . Time 31 | . . . . . . 31 Total Part Build Rating 4 | . . . . . . 4 Part Studies Acquired 1 | . . . 1 . . . Parts Repaired . | . . . . . . . Time . | . . . . . . . Parts Recycled . | . . . . . . . Recycled Matter 160 | . . . 160 . . . Retrieved Matter 274 | . . . 274 . . . Retrieved Components . | . . . . . . . Parts Scanalyzed 2 | . . . 2 . . . Part Schematics Acquired 2 | . . . 2 . . . Parts Damaged . | . . . . . . . Bothacking | -11 -10 -10 -8 -7 -7 -6 ------------ Run | Yrd Mat Sub Mat Fac Sto Fac Used RIF Installer . | . . . . . . . Robots Hacked 1 | . . . . 1 . . Non-combat . | . . . . . . . Combat 1 | . . . . 1 . . Robot Hacks Applied 1 | . . . . 1 . . parse_system 1 | . . . . 1 . . Relay Couplers Released . | . . . . . . . Fabnet Peak Effective % . | . . . . . . . Robots Rewired . | . . . . . . . Allies Hacked . | . . . . . . . Hacks Repelled . | . . . . . . . Allies | -11 -10 -10 -8 -7 -7 -6 -------- Run | Yrd Mat Sub Mat Fac Sto Fac Total Allies . | . . . . . . . Largest Group . | . . . . . . . Highest-Rated Group . | . . . . . . . Highest-Rated Ally . | . . . . . . . Total Orders . | . . . . . . . Ally Attacks . | . . . . . . . Total Damage . | . . . . . . . Kills . | . . . . . . . Allies Corrupted . | . . . . . . . Allies Melted . | . . . . . . . Intel | -11 -10 -10 -8 -7 -7 -6 ------- Run | Yrd Mat Sub Mat Fac Sto Fac Active Infowar (turns) 3405 | . 92 144 1906 1063 9 191 Optics 2503 | . . 140 1905 267 . 191 Sensors 1661 | . . . 632 1029 . . Terrain 111 | . . . 111 . . . Structural 578 | . 92 4 175 307 . . Traps 9 | . . . . . 9 . Robot Analysis Total . | . . . . . . . Derelict Logs Recovered . | . . . . . . . Drone Launches . | . . . . . . . Drone Recoveries . | . . . . . . . Exploration | -11 -10 -10 -8 -7 -7 -6 ------------- Run | Yrd Mat Sub Mat Fac Sto Fac Turns Passed 4996 | 40 187 489 1986 1089 839 366 Spaces Moved 2855 | 40 135 299 1135 462 432 352 Core 191 | 6 . . . . 11 174 Treads 83 | . . 62 . . 21 . Legs 1501 | . . . 788 462 230 21 Wheels 786 | 34 135 237 347 . . 33 Hover . | . . . . . . . Flight 294 | . . . . . 170 124 Fastest Speed 32 | 50 80 80 110 120 32 32 Average Speed 123 | 79 80 133 119 171 145 60 Slowest Speed 470 | 100 80 260 190 260 470 150 Overloaded Moves . | . . . . . . . Propulsion Burnouts . | . . . . . . . Robots Hopped 6 | . . . . . 6 . Potential Cave-ins . | . . . . . . . Cave-ins Triggered . | . . . . . . . Exploration Rate (%) 28 | 3 25 20 66 10 57 15 Regions Visited 6 Branch Regions 2 Pre-discovered Areas . | . . . . . . . Known Exits Taken 2 | . . . 1 1 . . Unknown Exits Taken 4 | 1 1 1 . . 1 . Scrap Searched 1 | . . 1 . . . . Spaces Dug . | . . . . . . . Terrain Destroyed 148 | . . . 21 . 127 . Melee . | . . . . . . . Projectile 28 | . . . 17 . 11 . AOE 120 | . . . 4 . 116 . Terrain Rammed . | . . . . . . . Walls Destroyed . | . . . . . . . Machines Disabled . | . . . . . . . Actions | -11 -10 -10 -8 -7 -7 -6 --------- Run | Yrd Mat Sub Mat Fac Sto Fac Total 3893 | 45 180 360 1600 669 566 473 Wait 592 | . 24 17 278 122 68 83 Move 2837 | 39 134 298 1134 461 419 352 Hop 6 | . . . . . 6 . Pick Up 51 | 1 2 4 24 8 7 5 Fast Attach 44 | 5 2 9 15 2 5 6 Attach 42 | . . 1 11 8 18 4 Detach 10 | . . 4 4 1 1 . Swap 32 | . . . 19 8 5 . Drop 47 | . . 10 27 5 3 2 Fire 193 | . 18 16 85 47 27 . Melee 24 | . . . 3 . . 21 Ram . | . . . . . . . Kick 4 | . . . . 2 2 . Crush 5 | . . . . . 5 . Escape Stasis 5 | . . . . 5 . . Rewire . | . . . . . . . Trap . | . . . . . . . Miscellaneous 1 | . . 1 . . . . Route ------- -11/Scrapyard -10/Materials -10/Subcaves -8/Materials -7/Factory -7/Storage -6/Factory History --------- Turn | Location | Event 15 | -11/Scrapyard | Discovered new exit (range 15) 41 | -11/Scrapyard | Entered Materials 138 | -10/Materials | Discovered new exit (range 12) 228 | -10/Materials | Entered Subcaves 273 | -10/Subcaves | Discovered new exit (range 14) 311 | -10/Subcaves | Shifting Twisted Machinery released Mak. Light Armor Plating 313 | -10/Subcaves | Build established: Mutant 317 | -10/Subcaves | Shifting Twisted Machinery released Spk. Treads 447 | -10/Subcaves | Ambushed by swarm of Subdwellers 500 | -10/Subcaves | Lost 4 allies 529 | -10/Subcaves | Destroyed 7 combat bots 623 | -10/Subcaves | A swath of the cavern ceiling suddenly collapsed 717 | -10/Subcaves | Entered Materials 717 | -8/Materials | Evolved 4 slots: Propulsion x1, Utility x3 991 | -8/Materials | Destroyed 7 combat bots 2545 | -8/Materials | Discovered new exit (range 15) 2605 | -8/Materials | Build established: Skirmisher 2700 | -8/Materials | Identified exit to Factory 2703 | -8/Materials | Entered Factory 2703 | -7/Factory | Evolved 2 slots: Utility x1, Weapon x1 3205 | -7/Factory | Lost 4 parts (1p1n1u1w) 3755 | -7/Factory | Discovered new exit (range 10) 3790 | -7/Factory | Identified exit to Storage 3792 | -7/Factory | Entered Storage 4244 | -7/Storage | Lost 7 parts (2p2n1u2w) 4328 | -7/Storage | Found Prototype Launcher 4328 | -7/Storage | Identified Scatter Rocket Array 4466 | -7/Storage | Lost 7 parts (3n1u3w) 4476 | -7/Storage | Build established: Mutant 4490 | -7/Storage | System corruption reached 10% 4509 | -7/Storage | Core integrity fell below 50% 4536 | -7/Storage | Lost 6 parts (1p2n2u1w) 4616 | -7/Storage | Discovered new exit (range 15) 4622 | -7/Storage | Core integrity fell below 20% 4631 | -7/Storage | Entered Factory 4631 | -6/Factory | Evolved 2 slots: Power x1, Propulsion x1 4659 | -6/Factory | Lost 3 parts (1n2u) 4667 | -6/Factory | Spotted B-75 Beast 4702 | -6/Factory | Fabricated Sub. Monowheel? 4811 | -6/Factory | Garrison activated, responded to threat 4855 | -6/Factory | Core integrity fell below 50% 4885 | -6/Factory | Lost 5 parts (2n2u1w) 4992 | -6/Factory | Core integrity fell below 20% 4997 | -6/Factory | Destroyed by H-61 Shepherd with Heavy Assault Cannon Last Messages --------------- O-16 Technician: "IFF HANDSHAKE FAILED. SECURING TERMINAL." Carbon-fiber Leg destroyed. ALERT: Hostiles spotted, dispatching reinforcements to Terminal F015. Acquired Coil Gun. Cld. VTOL Module destroyed. System corrupted: Spear rejected. U-05 Engineer works on Assembly Bed. Penetrated by Slug. Coil Gun destroyed. Knocked back. Acquired 3 matter. H-61 Shepherd calls for reinforcements. ALERT: Hostile activity reported, dispatching reinforcements to area. Knocked back. Acquired 7 matter. Knocked back. Acquired 6 matter. Map ----- +----------------------------------------------------+ | ?????????????????????????????????????????????????? | | ?????????????????????????????????????????????????? | | ?????????????????????????????????????????????????? | | ?????????????????????????????????????????????????? | | ?????????????????????????????????????????????????? | | ?????????????????????????????????????????????????? | | ?????????????????????????????????????????????????? | | ?????????????????????????????????????????????????? | | ?????????????????????????????????????????????????? | | ?????????????????????????????????????????????????? | | ?????????????????????????????????????????????????? | | ?????????????????????????????????????????????????? | | ?????????????????????????????????????????????????? | | ?????????????????????????????????????????????????? | | ?????????????????????????????????????????????????? | | ?????????????????????????????????????????????????? | | ?????????????????????????????????????????????????? | | ?????????????????????????????????????????????????? | | ?????????????????????????????????????????????????? | | ?????????????????????????????????????????????????? | | ?????????????????????????????????????????????????? | | ?????????????????????????????????????????????????? | | ?????????????????????????????????????????????????? | | ????????????????????????????##############???????? | | ?????????? ########## #???????? | | ?????????? t H@ %p #???????? | | ?????????? ######;### #???????? | | ????????????????????????###?# #? ????? | | ????????????????????????????# # ?????? | | ????????????????????????????# + ?????? | | ????????????????????????????# #??????? | | ????????????????????????????# #??????? | | ????????????????????????????# #???????? | | ????????????????????????????# """ #???????? | | ????????????????????????????# #???????? | | ????????????????????????????# #???????? | | ????????????????????????????####/#####+###???????? | | ???????????????????###########?# #???# #??? #????? | | ???????????????????# ?#/#???# #??? #????? | | ???????????????????# # #???# #??? #????? | | ???????????????????# !! # ##### #### #????? | | ???????????????????# !! + #????? | | ???????????????????# ! # #### #????? | | ???????????????????# # #??# #????? | | ???????????????????# ] ?# #??# #????? | | ???????????????????#############+#### #????? | | ?????????????????????????????# # #????? | | ?????????????????????????????# """ # ###### | | ?????????????????????????????# """ / | | ?????????????????????????????# """ # ##???? | +----------------------------------------------------+ Best States ------------- Heat Dissipation 37 Energy Generation 14 Energy Capacity 275 Matter Stores 300 Matter Capacity 300 Sight Range 22 Robot Scan Range 15 Terrain Scan Range 16 Terrain Scan Density 110 Armor Coverage 825 Evasion (%) 63 Targeting Accuracy 6 Melee Accuracy 10 Recoil Reduction 1 Particle Charging 15 Kinecelleration 30 Defensive Hacking 10 Item Schematics ----------------- Mak. Light Armor Plating | -8/Materials | Scanalyzed Sub. Monowheel | -8/Materials | Scanalyzed Robot Schematics ------------------ None Fabricated ------------ Sub. Monowheel | x2 | -6/Factory Repaired ---------- Nothing Studied --------- Ion Engine | -8/Materials | Hacked Alien Tech Used ----------------- None Achievements -------------- Survival Of The Most Covered Challenges ------------ None Game ------ Seed PoweredPropulsionDrivehammer Manual? 0 Play Time 01:56:05 Cumulative 18.1 hours Start 2026.03.30 @ 16:26:07 End 2026.03.31 @ 10:34:18 Sessions 7 Manual Loads 0 Difficulty Rogue Special Mode None Game No. 19 Rogue 19 Adventurer 0 Explorer 0 Win Type - Total 0 Types 0/0/0/0/0/0/0/0/0/0 Lore% 7 Gallery% 17 Achievement% 13 Wizard Run 0 Options --------- Layout 1 ASCII 1 Keyboard 0 Movement Mouse Keybinds 0 Fullscreen 1 Font 24/Smallcaps Map View 50x35 Zoom Use 1% Tactical HUD 0 Map Filters NONE Filters NONE Steam 1 RUN: 655f88e6-ca68-417b-92f2-e18ebf43712a